 Dungeon Crawl Stone Soup version 0.19.1 (webtiles) character file.

767 Vitekrist the Poker (level 7, -2/53 HPs)
             Began as a Demonspawn Wanderer on Dec 1, 2016.
             Was a Follower of Jiyva.
             Slain by a vampire (7 damage)
             ... created by the anger of Yredelemnul
             ... on level 5 of the Dungeon.
             The game lasted 00:07:54 (4620 turns).

Vitekrist the Poker (Demonspawn Wanderer)           Turns: 4620, Time: 00:07:54

Health: -2/53      AC: 11    Str: 13    XL:     7   Next: 52%
Magic:  0/22       EV:  8    Int: 13    God:    Jiyva [*.....]
Gold:   223        SH:  0    Dex: 14    Spells: 0 memorised, 14 levels left

rFire  . . .     SeeInvis .     q - +0 trident
rCold  + + .     Gourm    .     n - +0 scale mail
rNeg   . . .     Faith    .     (no shield)
rPois  .         Spirit   +     (no helmet)
rElec  .         Reflect  .     (no cloak)
rCorr  .         Harm     .     C - +0 pair of gloves
MR     .....                    l - +1 pair of boots
Stlth  ..........               (no amulet)
                                u - ring of magical power
                                h - ring of protection from cold

@: no status effects
A: thin metallic scales 1, cold resistance 1, magic shield, freezing cloud
immunity
a: Request Jelly, Renounce Religion


You were on level 5 of the Dungeon.
You worshipped Jiyva.
Jiyva was aware of your devotion.
You were not hungry.

You visited 2 branches of the dungeon, and saw 6 of its levels.

You collected 223 gold pieces.

Inventory:

Hand Weapons
 a - a +2 dagger
 q - a +0 trident (weapon)
Armour
 e - a +0 robe
 l - a +1 pair of boots (worn)
 n - a +0 scale mail (worn)
 C - a +0 pair of gloves (worn)
Jewellery
 h - a ring of protection from cold (left hand)
 r - an uncursed ring of flight
 u - a ring of magical power (right hand)
Wands
 y - a wand of lightning (12/15)
 D - a wand of polymorph (4/24)
 F - a wand of digging (13/24)
Scrolls
 b - a scroll of blinking
 g - 2 scrolls of fog {unknown}
 j - a scroll of noise
 k - 6 scrolls of identify
 m - a scroll of enchant weapon
 o - a scroll of fear {unknown}
 s - a scroll of amnesia {unknown}
 A - 2 scrolls of immolation {unknown}
 B - a scroll of random uselessness {unknown}
 E - a scroll of teleportation {unknown}
Potions
 i - 5 potions of curing
 p - a potion of cure mutation
 v - a potion of degeneration {unknown}
 z - a potion of heal wounds {unknown}
Books
 c - the Compendium of Darkness

   Spells                             Type                      Level
   a - Animate Skeleton               Necromancy                   1
   b - Regeneration                   Charms/Necromancy            3
 d - the Guide on Poisoning

   Spells                             Type                      Level
   a - Sting                          Conjuration/Poison           1
   b - Spider Form                    Transmutation/Poison         3
Comestibles
 f - 5 bread rations
 t - 2 slices of pizza
 w - a meat ration
 x - 2 beef jerkies


   Skills:
 - Level 3.7(1.8) Fighting
 + Level 6.6(3.3) Polearms
 - Level 1.0(0.5) Throwing
 - Level 1.0(0.5) Stealth
 - Level 4.0(2.0) Spellcasting
   Level 1.0(0.5) Summonings
   Level 1.0(0.5) Earth Magic
   Level 2.0(1.0) Poison Magic


You had 14 spell levels left.
You didn't know any spells.

Dungeon Overview and Level Annotations

Branches:
Dungeon (5/15)             Temple (1/1) D:4

Altars:
Ashenzari
Dithmenos
Fedhas
Gozag
Hepliaklqana
Kikubaaqudgha
Makhleb
Sif Muna
Uskayaw
Vehumet
Xom
Yredelemnul
Zin
The Shining One
Jiyva

Shops:
D:5 =


Innate Abilities, Weirdness & Mutations

You are partially covered in thin metallic scales. (AC +2)
Your flesh is cold resistant. (rC+)
When hurt, damage is shared between your health and your magic reserves.
You are immune to freezing clouds.


Message History

Unknown command.
Wield which item (- for none, * to show all)? (? for menu, Esc to quit)
Okay, then.
It was a potion of curing.
You feel better. Something hits you but does no damage.
Something bites you but does no damage.
You miss something. Something hits you but does no damage.
Something bites you but does no damage.
You hit something. Something hits you! Something bites you.
Something draws strength from your injuries!
Your scale mail prevents you from hitting something.
Something hits you. Something bites you but does no damage.
You barely miss something. Something hits you.
Something bites you but does no damage. Something hits you!
Something bites you!
* * * LOW HITPOINT WARNING * * *
Something draws strength from your injuries!
You closely miss something. Something hits you!
* * * LOW HITPOINT WARNING * * *
Something bites you!
You die...

##......### #......
##..###....### ##.....
##..#.........### ##### ##...#
#...............####.....####.#.#
<.................##............#
...............#......####.####.#
.#..............##....# .. #.#
###..............##J..# . #.# #
#.............@#..J.# #.. #
#...................# #..
####.........J....##..# #.. .#
#.............####.# #.. .#
##......J...### #.# #.# .##
#.........## #.#########.#
..####.......## #...........#
...........### ######.......
..#####....## ##......


You could see 2 neutral jellies (fellow slime).

Vanquished Creatures
  The ghost of MiddleManagement the Skirmisher, an amateur DsWn of Okawaru (D:5)
  An ice beast (D:5)
  2 scorpions (D:4)
  A hound (Temple)
  An orc priest (D:5)
  An orc wizard (D:4)
  4 worker ants
  8 adders
  An ooze (D:2)
  An adder zombie (D:5)
  An adder skeleton (D:4)
  4 worms
  2 dart slugs
  4 leopard geckos
  10 orcs
  3 ball pythons
  4 giant cockroaches
  10 goblins
  4 hobgoblins
  A jackal (D:1)
  5 kobolds
  A quokka (D:4)
  4 bats
  8 frilled lizards
  6 rats
88 creatures vanquished.

Vanquished Creatures (others)
  An orc wizard (D:5)
  An orc (D:5)
2 creatures vanquished.

Grand Total: 90 creatures vanquished

Notes
Turn   | Place    | Note
-------+----------+-------------------------------------------
     0 | D:1      | Vitekrist the Demonspawn Wanderer began the quest for the Orb.
     0 | D:1      | Vitekrist set off with: a +2 dagger, a scroll of blinking, the Compendium of Darkness, the Guide on Poisoning, a +0 robe, a bread ration
     0 | D:1      | Reached XP level 1. HP: 13/13 MP: 5/5
     0 | D:1      | Identified the Compendium of Darkness
     0 | D:1      | Identified the Guide on Poisoning
    41 | D:1      | Reached skill level 1 in Fighting
   384 | D:1      | Gained mutation: Your flesh is cold resistant. (rC+) [demonic ancestry]
   384 | D:1      | Reached XP level 2. HP: 19/22 MP: 7/7
  1205 | D:2      | Gained mutation: You are partially covered in thin metallic scales. (AC +2) [demonic ancestry]
  1205 | D:2      | Reached XP level 3. HP: 21/28 MP: 8/8
  1220 | D:2      | Found a shattered altar of Ashenzari.
  1605 | D:2      | Gained mutation: You are immune to freezing clouds. [demonic ancestry]
  1605 | D:2      | Reached XP level 4. HP: 31/37 MP: 10/10
  1845 | D:2      | Reached skill level 1 in Polearms
  2432 | D:3      | Reached skill level 2 in Polearms
  2492 | D:3      | Found a shimmering altar of Xom.
  2524 | D:3      | Found a hide-covered altar of Uskayaw.
  2593 | D:4      | Found a staircase to the Ecumenical Temple.
  2602 | Temple   | Entered the Ecumenical Temple
  2637 | Temple   | Gained mutation: When hurt, damage is shared between your health and your magic reserves. [demonic ancestry]
  2637 | Temple   | Reached XP level 5. HP: 9/42 MP: 11/11
  2936 | D:4      | Reached skill level 3 in Polearms
  3357 | D:4      | Reached XP level 6. HP: 26/48 MP: 12/12
  3628 | D:4      | Reached skill level 4 in Polearms
  3886 | D:5      | Entered Level 5 of the Dungeon
  4083 | D:5      | Found Vogoez's Jewellery Shop.
  4103 | D:5      | Found a faded altar of an unknown god.
  4103 | D:5      | Found a burning altar of Makhleb.
  4108 | D:5      | Found a faded altar of an unknown god.
  4128 | D:5      | Reached skill level 5 in Polearms
  4129 | D:5      | Found a faded altar of an unknown god.
  4130 | D:5      | Found a faded altar of an unknown god.
  4242 | D:5      | Became a worshipper of Vehumet
  4242 | D:5      | Reached * piety under Vehumet
  4242 | D:5      | Offered knowledge of Shock by Vehumet.
  4247 | D:5      | Fell from the grace of Vehumet
  4247 | D:5      | Became a worshipper of Yredelemnul the Dark
  4247 | D:5      | Reached * piety under Yredelemnul
  4250 | D:5      | Fell from the grace of Yredelemnul
  4250 | D:5      | Became a worshipper of Ashenzari the Shackled
  4250 | D:5      | Reached * piety under Ashenzari
  4258 | D:5      | Fell from the grace of Ashenzari
  4258 | D:5      | Became a worshipper of Jiyva Jugom the Shapeless
  4258 | D:5      | Reached * piety under Jiyva
  4333 | D:5      | Noticed an ice beast
  4360 | D:5      | Killed an ice beast
  4360 | D:5      | Reached XP level 7. HP: 45/53 MP: 13/13
  4468 | D:5      | Noticed MiddleManagement's ghost (amateur DsWn)
  4519 | D:5      | Killed MiddleManagement's ghost
  4519 | D:5      | Reached skill level 6 in Polearms
  4605 | D:5      | Noticed a vampire
  4620 | D:5      | Slain by a vampire

Skill      XL: |  1  2  3  4  5  6  7 |
---------------+----------------------+-----
Fighting       | 1 2 3 |  3.7
Polearms       | 2 3 5 6 |  6.6
Throwing       | |  1.0
Stealth        | |  1.0
Spellcasting   | |  4.0
Summonings     | |  1.0
Earth Magic    | |  1.0
Poison Magic   | |  2.0

Action                   |  1- 3 |  4- 6 |  7- 9 || total
-------------------------+-------+-------+-------++-------
Melee: Dagger            |   127 |    13 |       ||   140
       Trident           |       |   298 |    60 ||   358
  Use: Scroll            |     3 |       |       ||     3
       Potion            |       |     3 |     1 ||     4
 Stab: Sleeping          |     2 |       |       ||     2
  Eat: Chunk             |     2 |     8 |       ||    10
       Bread ration      |       |       |     1 ||     1
Armor: Robe              |    25 |       |       ||    25
       Scale mail        |       |   155 |    42 ||   197
Dodge: Dodged            |    73 |   126 |    15 ||   214
